Map: Ulrena

Players

zidar - Winner!

  • Race: Zerg Zerg
  • League: Gold
  • Spawn Location: 7:00

AtilaLT

  • Race: Protoss Protoss
  • Spawn Location: 11:00

VOD

Have the link to the VOD?

Description

Time

  • Played on: July 3, 2016, 12:48 p.m.
  • Length: 13:03
Show
View Real Time Build Order
Export as new Build Order

zidar Zerg - Winner!

Build Orders: Hatch First 

Get SALT Encoding   

  12  0:01  Drone  
  13  0:12  Overlord  
  13  0:19  Drone  
  14  0:30  Drone x2  
  16  0:52  Hatchery  
  16  0:53  Drone  
  16  1:10  Spawning Pool  
  15  1:11  Drone  
  15  1:15  Extractor  
  15  1:22  Drone  
  15  1:24  Drone  
  17  1:39  Drone  
  18  1:48  Overlord  
  18  1:53  Drone  
  19  1:56  Queen  
  19  1:59  Drone  
  22  2:15  Queen  
  23  2:29  Metabolic Boost  
  23  2:37  Extractor  
  23  2:39  Drone x5  
  27  2:44  Overlord  
  27  3:05  Roach Warren  
  27  3:07  Drone x4  
  30  3:21  Zergling x8  
  32  3:39  Zergling x4  
  32  3:40  Zergling x6  
  37  3:50  Zergling x2  
  37  3:51  Zergling x2  
  39  3:58  Zergling x4  
  41  4:10  Zergling x6  
  38  4:46  Zergling x2  
  38  4:47  Zergling x10  
  37  5:14  Zergling x12  
  43  5:28  Zergling x4  
  40  5:56  Roach x2  
  43  5:57  Roach  
  43  5:59  Overlord  
  43  6:00  Overlord x4  
  43  6:03  Lair  
  42  6:10  Drone x2  
  44  6:23  Roach x5  
  52  6:41  Roach x5  
  61  6:57  Drone x5  
  66  7:09  Glial Reconstitution  
  66  7:16  Hydralisk Den  
  66  7:17  Drone x8  
  48  8:12  Extractor  
  48  8:14  Extractor  
  48  8:15  Hydralisk  
  48  8:16  Hydralisk x6  
  48  8:17  Roach x5  
  70  8:22  Muscular Augments  
  70  8:31  Ravager  
  70  8:32  Drone x2  
  73  8:46  Drone x8  
  81  8:53  Roach  
  83  9:02  Overseer  
  83  9:14  Overlord x5  
  83  9:25  Hatchery  
  83  9:26  Hydralisk  
  66  10:27  Hydralisk x6  
  66  10:28  Hydralisk x3  
  84  10:29  Roach x9  
  98  10:45  Hydralisk  
  98  10:46  Hydralisk  
  98  10:47  Hydralisk x4  
  110  11:09  Hydralisk  
  110  11:10  Hydralisk x5  
  122  11:15  Pneumatized Carapace  
  122  11:57  Overlord  
  122  11:58  Overlord x3  
Show
View Real Time Build Order
Export as new Build Order

AtilaLT Protoss 

Build Orders:  

Get SALT Encoding   

  12  0:01  Probe (Chrono Boost)  
  13  0:12  Probe (Chrono Boost)  
  14  0:23  Pylon  
  14  0:25  Probe (Chrono Boost)  
  15  0:41  Probe (Chrono Boost)  
  16  0:44  Gateway  
  16  0:51  Probe (Chrono Boost), Assimilator  
  17  1:02  Probe (Chrono Boost)  
  18  1:13  Probe (Chrono Boost)  
  19  1:23  Probe (Chrono Boost)  
  20  1:34  Probe (Chrono Boost)  
  21  1:41  Cybernetics Core  
  21  1:47  Probe (Chrono Boost)  
  21  1:48  Nexus  
  22  1:55  Pylon  
  22  2:01  Probe (Chrono Boost)  
  23  2:13  Probe (Chrono Boost)  
  23  2:24  Probe (Chrono Boost), Warp Gate  
  23  2:27  Adept  
  26  2:33  Assimilator  
  26  2:35  Mothership Core (Chrono Boost)  
  28  2:42  Pylon  
  28  2:53  Probe (Chrono Boost), Gateway  
  28  2:54  Adept  
  31  3:01  Probe (Chrono Boost)  
  31  3:04  Probe (Chrono Boost)  
  33  3:10  Assimilator  
  33  3:13  Probe (Chrono Boost)  
  33  3:14  Probe (Chrono Boost)  
  35  3:38  Probe x2 (Chrono Boost)  
  35  3:41  Assimilator  
  37  3:46  Forge  
  39  3:48  Probe x2 (Chrono Boost)  
  39  3:52  Adept x2  
  43  3:59  Probe x2 (Chrono Boost)  
  45  4:03  Robotics Facility  
  45  4:09  Probe x2 (Chrono Boost)  
  41  4:43  Adept x2  
  28  4:58  Probe (Chrono Boost)  
  28  4:59  Probe (Chrono Boost)  
  29  5:09  Probe x2 (Chrono Boost)  
  31  5:19  Probe (Chrono Boost)  
  31  5:20  Probe (Chrono Boost)  
  33  5:22  Adept x2  
  35  5:30  Probe x2 (Chrono Boost)  
  32  5:51  Adept x2  
  34  6:15  Probe x2 (Chrono Boost)  
  34  6:16  Gateway x2  
  36  6:19  Gateway  
  36  6:20  Adept x2  
  36  6:23  Twilight Council  
  40  6:26  Probe x2 (Chrono Boost)  
  42  6:36  Probe x2 (Chrono Boost)  
  36  6:40  Photon Cannon  
  36  6:43  Photon Cannon  
  36  6:44  Photon Cannon  
  32  6:49  Probe (Chrono Boost), Adept  
  32  6:53  Adept  
  33  7:32  Stalker x2  
  36  8:00  Stalker x3  
  36  8:01  Stalker  
  44  8:08  Blink (Chrono Boost)  
  44  8:14  Pylon  
  44  8:20  Observer  
  44  8:24  Nexus  
  45  8:33  Pylon  
  45  8:34  Probe  
  46  8:43  Stalker x3  
  46  8:44  Stalker  
  54  8:50  Probe  
  55  8:58  Warp Prism  
  55  9:00  Probe  
  58  9:07  Dark Shrine  
  58  9:11  Probe  
  59  9:17  Stalker  
  59  9:21  Probe  
  59  9:22  Pylon  
  62  9:27  Pylon  
  62  9:34  Probe  
  62  9:36  Probe  
  55  9:48  Probe  
  52  9:55  Stalker x4  
  40  10:16  Stalker  
  36  10:23  Stalker  
  36  10:24  Stalker x3  
  36  10:25  Stalker  
  37  10:40  Probe  
  37  10:41  Probe  
  39  10:50  Probe  
  39  10:53  Probe  
  41  11:07  Pylon  
  41  11:10  Stalker x2, Pylon  
  45  11:23  Dark Templar x2  
  49  11:26  Dark Templar  
  51  11:38  Stalker  
  51  11:39  Stalker  
  47  11:40  Probe  
  47  11:43  Probe  
  47  11:45  Probe  
  50  11:56  Stalker x2  
  54  12:01  Probe  
  54  12:03  Probe  
  56  12:15  Probe, Adept x3  
  52  12:27  Robotics Bay  
Tags
 
League
Gold
Matchup
PvZ
Spawn Locations
Close Positions
Add a new tag
Caveats
  • Supply blocks, unpowered buildings, or Contaminate may cause inaccurate times.
  • Supply counts are checked every 10 seconds.